 Dungeon Crawl Stone Soup version 0.21-a0-522-ga8338f0 (webtiles) character file.

28 Dawnplanks the Skirmisher (level 3, 13/29 HPs)
             Began as a Demonspawn Abyssal Knight on Dec 6, 2017.
             Was a Follower of Lugonu.
             Quit the game on level 1 of the Dungeon.
             The game lasted 00:02:18 (1116 turns).

Dawnplanks the Skirmisher (DsAK)                    Turns: 1116, Time: 00:02:18

Health: 13/29      AC:  6    Str: 13    XL:     3   Next: 0%
Magic:  4/4        EV: 11    Int: 13    God:    Lugonu [*.....]
Gold:   67         SH:  0    Dex: 12    Spells: 2/2 levels left

rFire    . . .     SeeInvis .   a - +1 falchion
rCold    . . .     Gourm    .   (no shield)
rNeg     + . .     Faith    .   b - +0 leather armour
rPois    .         Spirit   .   (helmet restricted)
rElec    .         Reflect  .   (no cloak)
rCorr    .         Harm     .   g - +2 pair of gloves
MR       .....                  (no boots)
Stlth    +.........             (no amulet)
HPRegen  0.09/turn              k - ring of positive energy
MPRegen  0.09/turn              (no ring)

@: slowed, very slow
A: horns 1, rot immunity
a: Depart the Abyss, Renounce Religion


You were on level 1 of the Dungeon.
You worshipped Lugonu.
Lugonu was aware of your devotion.
You were hungry.

You visited 1 branch of the dungeon, and saw 2 of its levels.
You visited the Abyss 1 time.

You collected 67 gold pieces.

Inventory:

Hand Weapons
 a - a +1 falchion (weapon)
Armour
 b - a +0 leather armour (worn)
 g - a +2 pair of gloves (worn)
Jewellery
 k - a ring of positive energy (left hand)
Scrolls
 d - a scroll of teleportation {unknown}
 e - a scroll of remove curse {unknown}
 i - a scroll of identify {unknown}
 j - 2 scrolls of blinking {unknown}
Potions
 f - a potion of magic {unknown}
Comestibles
 c - a bread ration
 h - a royal jelly
 l - 4 chunks of flesh


   Skills:
 + Level 3.4 Fighting
 + Level 2.3 Long Blades
 + Level 2.1 Armour
 + Level 1.0 Dodging
 + Level 0.2 Stealth
 + Level 2.4 Invocations


You had 2 spell levels left.
You didn't know any spells.

Dungeon Overview and Level Annotations

Branches:
Dungeon (2/15)

Altars:

Annotations:
D:2 Natasha


Innate Abilities, Weirdness & Mutations

You have a pair of small horns on your head.
You are immune to rotting.


Message History

The jackal is almost dead.
The jackal bites you but does no damage.
The jackal bites you.
You hit the jackal.
You kill the jackal!
Lugonu accepts your kill.
You have reached level 3!
Your experience leads to an increase in your attributes!
Increase (S)trength, (I)ntelligence, or (D)exterity?
You feel stronger.
Your demonic ancestry asserts itself...
A pair of horns grows on your head!
You see here a giant cockroach corpse.
You butcher the giant cockroach corpse.
l - a chunk of flesh
There is a stone staircase leading down, spattered with blood here.
You see here a jackal corpse.
You butcher the jackal corpse.
l - 4 chunks of flesh (gained 3)
There is a stone staircase leading down, spattered with blood here.
Are you sure you want to abandon this character and quit the game? (Confirm with "yes".)

##.# #...#
##.##############.#.#
...##...............#
♣..##.###########.###
♣...P....#........#
♣..P♣..P.....##########
P.♣♣♣P.......#........#
PP.♣♣♣♣..#...#.########
...PP.♣.........@###
##(P.P.......#.#.#.#
.................#.#
....#..............#
....+............#.#
....#..#.........#.#
+#)##..##..#.##..#.#######
.#.##....................#
.#......#..#.##.##########


There were no monsters in sight!

Vanquished Creatures
  A dart slug (D:1)
  A leopard gecko (D:1)
  A ball python (D:1)
  A giant cockroach (D:1)
  4 hobgoblins (D:1)
  7 jackals (D:1)
  A kobold (D:1)
  A bat (D:1)
  5 rats (D:1)
22 creatures vanquished.

Notes
Turn   | Place    | Note
-------+----------+-------------------------------------------
     0 | Abyss:1  | Dawnplanks the Demonspawn Abyssal Knight began the quest for the Orb.
     0 | Abyss:1  | Reached XP level 1. HP: 18/18 MP: 2/2
   103 | D:1      | Escaped the Abyss
   435 | D:1      | Gained mutation: You are immune to rotting. [demonic ancestry]
   435 | D:1      | Reached XP level 2. HP: 24/24 MP: 3/3
   446 | D:1      | Reached * piety under Lugonu
   446 | D:1      | Reached skill level 1 in Dodging
  1097 | D:2      | Noticed Natasha
  1107 | D:1      | Gained mutation: You have a pair of small horns on your head. [demonic ancestry]
  1107 | D:1      | Reached XP level 3. HP: 11/29 MP: 4/4
  1116 | D:1      | Quit the game

Vault maps used:
D:1:      ncdulo_watergridlock, serial_forest, infiniplex_forest_clump_curved,
          infiniplex_forest_clump_curved, infiniplex_forest_end_2,
          infiniplex_forest_clump_double, infiniplex_forest_lined_room_,
          infiniplex_forest_straight_2, patterned_corridor
D:2:      hangedman_glass_teeth, uniq_robin, uniq_crazy_yiuf_cottage,
          uniq_natasha

Skill      XL: |  1  2 |
---------------+-------+-----
Long Blades    | 2 |  2.3
Dodging        | 1 |  1.0
Armour         | 2 |  2.1
Fighting       | |  3.4
Stealth        | |  0.2
Invocations    | |  2.4

Action                   || total
-------------------------++-------
Melee: Falchion          ||    57
Invok: Depart the Abyss  ||     1
Armor: Leather armour    ||    19
Dodge: Dodged            ||    46
       Rpst.: Falchion   ||    10

Table legend:
 A = Spawn XP
 B = Non-spawn XP
 C = Spawn XP percentage of total XP
 D = Spawn monster count
 E = Non-spawn monster count
 F = Spawn count percentage of total count
 G = Total turns spent on level
                    A         B        C        D         E        F      G
               +---------+---------+-------+---------+---------+-------+---------
         Total |       0 |      41 |   0.0 |       0 |      22 |   0.0 |  1116
               +---------+---------+-------+---------+---------+-------+---------
           D:1 |       0 |      41 |   0.0 |       0 |      22 |   0.0 |  1005
               +---------+---------+-------+---------+---------+-------+---------
